Cogmind - Beta 16 @@@ ROGUE MODE // 2025.11.16 @ 10:04:55 // Winter2019/RPGLIKE Player: daniels1231 Result: Destroyed by G-34 Mercenary with Small Laser Performance ------------- Evolutions (1) 500 Regions Visited (2) 400 Robots Destroyed (15) 75 Value Destroyed (402) 402 Prototype IDs (1) 20 Alien Tech Used (0) 0 Bonus (0) 0 TOTAL SCORE: 1397 Bonus ------- None Cogmind --------- Core Integrity 0/800 Matter 11/300 Energy 280/280 System Corruption 15% Temperature Cool (6) Movement Rolling (80) Location -9/Materials Parts ------- > --- POWER (1) -------- Cooled Ion Engine > --- PROPULSION (2) --- Wheel > --- UTILITY (2) ------ Weight Redist. System Visual Processing Unit > --- WEAPON (4) ------- Mining Claw > --- INVENTORY (1) ---- Transport Network Coupler Peak State ------------ > --- POWER ------------ Cooled Ion Engine > --- PROPULSION ------- Wheel Armored Wheel > --- UTILITY ---------- Weight Redist. System Visual Processing Unit > --- WEAPON ----------- Shotgun Mini Grenade Launcher Mini Grenade Launcher Datajack > --- INVENTORY -------- Transport Network Coupler [Rating: 17] Favorites ----------- Power Cooled Ion Engine Engine Cooled Ion Engine Propulsion Wheel Wheel Wheel Utility Weight Redist. System Device Weight Redist. System Processor Visual Processing Unit Weapon Mini Grenade Launcher Energy Gun EM Pulse Gun Ballistic Gun Shotgun Launcher Mini Grenade Launcher Slashing Weapon Mining Claw Special Melee Weapon Datajack Build | -11 -10 -9 ------- Run | Yrd Mat Mat Slots Evolved 5 | 1 . 4 Power . | . . . Propulsion 1 | . . 1 Utility 1 | . . 1 Weapon 3 | 1 . 2 Parts Attached 17 | 5 4 8 Power 4 | 2 1 1 Engine 4 | 2 1 1 Core . | . . . Reactor . | . . . Propulsion 4 | 1 . 3 Treads . | . . . Leg . | . . . Wheel 4 | 1 . 3 Hover . | . . . Flight . | . . . Utility 2 | . 1 1 Device 1 | . 1 . Storage . | . . . Processor 1 | . . 1 Hackware . | . . . Protection . | . . . Artifact . | . . . Weapon 7 | 2 2 3 Energy Gun 1 | 1 . . Energy Cannon . | . . . Ballistic Gun 2 | 1 . 1 Ballistic Cannon . | . . . Launcher 2 | . 2 . Special Weapon . | . . . Impact Weapon . | . . . Slashing Weapon 1 | . . 1 Piercing Weapon . | . . . Special Melee Weapon 1 | . . 1 Unidentified Prototypes 1 | . 1 . Corrupted Parts 2 | . . 2 System Corruption 12 | . . 12 Parts Lost 1 | . . 1 Power . | . . . Propulsion 1 | . . 1 Utility . | . . . Weapon . | . . . Highest Loss Streak 1 | . . 1 To Critical Strikes . | . . . Average Backups . | . . 1 Power . | . . . Propulsion . | . . . Utility . | . . . Weapon . | . . . Tool/Special . | . . . Unused Backups 2 | . 1 1 Power 1 | . 1 . Propulsion . | . . . Utility 1 | . . 1 Weapon . | . . . Tool/Special . | . . . Average Slot Usage (%) 95 | . 96 94 Engine 16 | . 20 14 Wheel 19 | . 20 19 Device 15 | . 16 14 Processor 5 | . . 8 Ballistic Gun 4 | . 2 5 Launcher 30 | . 35 27 Special Melee Weapon 2 | . . 4 Peak Build Rating 17 | 4 10 17 Average Rating 11 | 2 9 13 On Entrance 4 | . 4 10 Avg Prop Armor Cover (%) . | . . . Naked Turns . | . . . Heaviest Build 14 | 8 10 14 Greatest Support 28 | 10 16 28 Greatest Overweight (x) . | . . . Average Overweight (x) . | . . . Largest Inventory Capacity 1 | 1 1 1 Average Capacity . | . 1 1 Most Carried 1 | . 1 1 Average Carried . | . . . Final Capacity 1 | 1 1 1 Final Carried 1 | . 1 1 Class Distribution -------------------- 69% | Mutant 30% | Bomber Dominant Class ---------------- Mutant | -10/Materials Bomber | -9/Materials Resources | -11 -10 -9 ----------- Run | Yrd Mat Mat Matter Collected 455 | 242 101 112 Remotely . | . . . Salvage Created 207 | . 89 118 Parts 14 | . 8 6 Haulers Intercepted . | . . . Recyclers Shooed . | . . . Parts Field Recycled . | . . . Retrieved Matter . | . . . Parts Self-Destructed . | . . . Prevented . | . . . Parts Restored . | . . . Kills | -11 -10 -9 ------- Run | Yrd Mat Mat Combat Hostiles Destroyed 9 | . 5 4 AOE 9 | . 5 4 Classes Destroyed 7 | . 5 2 Builder 1 | . 1 . Recycler 1 | . 1 . Operator 2 | . 1 1 Watcher 2 | . . 2 Swarmer 3 | . 3 . Grunt 3 | . 2 1 Sentry 3 | . . 3 Best Kill Streak 5 | . 5 3 Combat Bots Only 3 | . 3 2 Max Kills in Single Turn 3 | . 3 1 Gunslinging . | . . . Exploded 2 | . 2 1 Melee . | . . . Uniques/NPCs Destroyed . | . . . Combat | -11 -10 -9 -------- Run | Yrd Mat Mat Hostile Shots Fired 98 | . 6 92 Missed 28 | . 4 24 Hits 70 | . 2 68 Projectile 70 | . 2 68 Critical Strikes 1 | . . 1 Damage Taken 988 | . 26 962 Core 811 | . 24 787 Absorbed by Shields . | . . . Redirected to Core 596 | . 4 592 Ignored by Resistances 70 | . 4 66 Core Remaining (%) 98 | 100 96 . Volleys Fired 22 | . 7 15 Largest 3 | . 2 3 Hottest 83 | . 60 83 Shots Fired 42 | . 14 28 Gun 6 | . . 6 Cannon . | . . . Launcher 36 | . 14 22 Special . | . . . Kinetic 6 | . . 6 Thermal . | . . . Explosive 36 | . 14 22 Electromagnetic . | . . . Robot Hit Streak 4 | . 2 4 Robot Miss Streak 5 | . . 5 Penetration Max . | . . . Secondary Targets . | . . . Shots Hit Robots 12 | . 2 10 Core Hits 29 | . 11 18 Critical Kills . | . . . Critical Parts Destroyed . | . . . Critical Strikes . | . . . Melee Attacks 4 | . . 4 Impact . | . . . Slashing 2 | . . 2 Piercing . | . . . Sneak Attacks . | . . . Combat Hostiles . | . . . Follow-up Attacks . | . . . Damage Inflicted 1418 | . 668 750 Guns 68 | . . 68 Cannons . | . . . Explosions 1312 | . 668 644 Melee 24 | . . 24 Ramming 14 | . . 14 Kinetic 68 | . . 68 Thermal . | . . . Explosive 1312 | . 668 644 Electromagnetic . | . . . Impact . | . . . Slashing 24 | . . 24 Piercing . | . . . Highest Corruption 15 | . . 15 Average Corruption 12 | . . 12 Corruption Purged . | . . . Corruption Blocked . | . . . Effects 9 | . . 9 Message Errors 3 | . . 3 Matter Fused 1 | . . 1 Heat Flow Errors 2 | . . 2 Data Loss (minor) 1 | . . 1 Misdirections 2 | . . 2 Overload Shots . | . . . Overflow Damage 42 | . 31 11 Projectiles . | . . . Explosions 42 | . 31 11 Melee . | . . . Knockbacks . | . . . Impact . | . . . Kinetic . | . . . Secondary . | . . . Self-Inflicted Damage 72 | . 16 56 Shots 3 | . 1 2 Rammed 6 | . . 6 Targets Rammed 6 | . . 6 Kicked . | . . . Crushed . | . . . Highest Temperature 323 | . . 323 Average Temperature 92 | . . 92 Received Heat Transfer 411 | . . 411 Siege Activations . | . . . Martial Activations . | . . . Shielding Activations . | . . . Robots Disrupted . | . . . Combat Hostiles . | . . . Robots Corrupted . | . . . Combat Hostiles . | . . . Parts Fried . | . . . Impact Corruptions . | . . . Robots Melted . | . . . Combat Hostiles . | . . . Parts Melted . | . . . Heat Transferred . | . . . Parts Sabotaged . | . . . Parts Stolen . | . . . Parts Stripped . | . . . Power Chain Reactions . | . . . Alert | -11 -10 -9 ------- Run | Yrd Mat Mat Maximum Alert Level 1 | . 1 1 Low Security (%) 57 | 100 81 34 Level 1 42 | . 18 65 Level 2 . | . . . Level 3 . | . . . Level 4 . | . . . Level 5 . | . . . High Security . | . . . Max Security . | . . . Peak Influence 290 | . 238 290 Initial 96 | . . 96 Average 148 | . 68 226 Influence Increases 582 | . 258 324 Destroy 0b10 Robot/C 180 | . 100 80 Destroy 0b10 Robot/NC 30 | . 15 15 Destroy Leader 54 | . 20 34 Disable Machine 90 | . 45 45 Destroy Structure 183 | . 78 105 Partial Spotted 15 | . . 15 Lose Combat Pursuer 30 | . . 30 Influence Decreases 322 | . 30 292 Entered New Map 132 | . . 132 Time Decay 180 | . 30 150 Lost Part 10 | . . 10 Squads Dispatched 1 | . 1 . Investigation . | . . . Extermination . | . . . Reinforcement 1 | . 1 . Assault . | . . . Garrison . | . . . Intercept . | . . . Searches Triggered . | . . . Construction Impeded . | . . . Haulers Reinforced . | . . . Active Scanning Responses . | . . . Cargo Convoy Interrupts . | . . . Stealth | -11 -10 -9 --------- Run | Yrd Mat Mat Distress Signals . | . . . Communications Jammed . | . . . Distress Signals . | . . . Times Spotted 21 | . 6 15 Peak Tracking Total 8 | . 3 8 Tactical Retreats 1 | . . 1 Traps | -11 -10 -9 ------- Run | Yrd Mat Mat Traps Triggered . | . . . Indirectly . | . . . Trap Hack Attempts . | . . . Triggered . | . . . Disarmed . | . . . Reprogrammed . | . . . Reused . | . . . Traps Extracted . | . . . Installed . | . . . Triggered . | . . . Machines | -11 -10 -9 ---------- Run | Yrd Mat Mat Machines Disabled 6 | . 3 3 Max in Single Turn 1 | . 1 1 Machines Repaired . | . . . Machines Dismantled . | . . . Machines Sabotaged . | . . . Overloaded Fab Kills . | . . . Hacking | -11 -10 -9 --------- Run | Yrd Mat Mat Machines Accessed 1 | . . 1 Terminals . | . . . Fabricators . | . . . Repair Stations . | . . . Recycling Units . | . . . Scanalyzers 1 | . . 1 Garrison Access . | . . . Total Hacks 2 | . . 2 Successful 2 | . . 2 Failed . | . . . Catastrophic . | . . . Database Lockouts . | . . . Manual . | . . . Terminals . | . . . Fabricators . | . . . Repair Stations . | . . . Recycling Units . | . . . Scanalyzers 2 | . . 2 Garrison Access . | . . . Terminal Hacks . | . . . Fabricator Hacks . | . . . Repair Station Hacks . | . . . Recycling Unit Hacks . | . . . Scanalyzer 2 | . . 2 Insert Component 1 | . . 1 Analyze 1 | . . 1 Garrison Access Hacks . | . . . Unauthorized Hacks . | . . . Terminals . | . . . Fabricators . | . . . Repair Stations . | . . . Recycling Units . | . . . Scanalyzers . | . . . Garrison Access . | . . . Data Cores Recovered . | . . . Used . | . . . Hacking Detections . | . . . Full Trace Events . | . . . Feedback Events . | . . . Feedback Blocked . | . . . Robot Schematics Acquired . | . . . Robots Built . | . . . Authchips . | . . . Time . | . . . Total Robot Build Rating . | . . . Part Schematics Acquired 1 | . . 1 Parts Built . | . . . Authchips . | . . . Time . | . . . Total Part Build Rating . | . . . Part Studies Acquired . | . . . Parts Repaired . | . . . Time . | . . . Parts Recycled . | . . . Recycled Matter . | . . . Retrieved Matter . | . . . Retrieved Components . | . . . Parts Scanalyzed 1 | . . 1 Part Schematics Acquired 1 | . . 1 Parts Damaged . | . . . Bothacking | -11 -10 -9 ------------ Run | Yrd Mat Mat Used RIF Installer . | . . . Robots Hacked 1 | . . 1 Non-combat . | . . . Combat 1 | . . 1 Robot Hacks Applied 1 | . . 1 parse_system 1 | . . 1 Relay Couplers Released . | . . . Fabnet Peak Effective % . | . . . Robots Rewired . | . . . Allies Hacked . | . . . Hacks Repelled . | . . . Allies | -11 -10 -9 -------- Run | Yrd Mat Mat Total Allies . | . . . Largest Group . | . . . Highest-Rated Group . | . . . Highest-Rated Ally . | . . . Total Orders . | . . . Ally Attacks . | . . . Total Damage . | . . . Kills . | . . . Allies Corrupted . | . . . Allies Melted . | . . . Intel | -11 -10 -9 ------- Run | Yrd Mat Mat Active Infowar (turns) 224 | . . 224 Optics 224 | . . 224 Robot Analysis Total . | . . . Derelict Logs Recovered . | . . . Drone Launches . | . . . Drone Recoveries . | . . . Exploration | -11 -10 -9 ------------- Run | Yrd Mat Mat Turns Passed 548 | 73 167 308 Spaces Moved 514 | 85 170 259 Core 6 | 6 . . Treads . | . . . Legs . | . . . Wheels 508 | 79 170 259 Hover . | . . . Flight . | . . . Fastest Speed 50 | 50 80 80 Average Speed 81 | 77 80 82 Slowest Speed 85 | 80 80 85 Overloaded Moves . | . . . Propulsion Burnouts . | . . . Robots Hopped . | . . . Potential Cave-ins 5 | . . 5 Cave-ins Triggered . | . . . Exploration Rate (%) 22 | 3 29 34 Regions Visited 2 Branch Regions . Pre-discovered Areas . | . . . Known Exits Taken . | . . . Unknown Exits Taken 2 | 1 1 . Scrap Searched . | . . . Spaces Dug . | . . . Terrain Destroyed 227 | . 93 134 Melee . | . . . Projectile . | . . . AOE 227 | . 93 134 Terrain Rammed . | . . . Walls Destroyed . | . . . Machines Disabled . | . . . Actions | -11 -10 -9 --------- Run | Yrd Mat Mat Total 599 | 90 187 322 Wait 19 | . . 19 Move 512 | 84 169 259 Hop . | . . . Pick Up 3 | . 2 1 Fast Attach 16 | 4 4 8 Attach . | . . . Detach 1 | . 1 . Swap 2 | 1 . 1 Drop 13 | 1 4 8 Fire 22 | . 7 15 Melee 4 | . . 4 Ram 6 | . . 6 Kick . | . . . Crush . | . . . Escape Stasis . | . . . Rewire . | . . . Trap . | . . . Miscellaneous 1 | . . 1 Route ------- -11/Scrapyard -10/Materials -9/Materials History --------- Turn | Location | Event 7 | -11/Scrapyard | Discovered new exit (range 16) 47 | -11/Scrapyard | Upgraded with Weapon slot (x1) 74 | -11/Scrapyard | Entered Materials 210 | -10/Materials | Discovered new exit (range 10) 241 | -10/Materials | Entered another Materials area 243 | -9/Materials | Reached level 2 303 | -9/Materials | Build established: Mutant 323 | -9/Materials | Upgraded with Utility slot (x1) 323 | -9/Materials | Upgraded with Weapon slot (x1) 360 | -9/Materials | Reached level 3 372 | -9/Materials | Upgraded with Propulsion slot (x1) 372 | -9/Materials | Upgraded with Weapon slot (x1) 379 | -9/Materials | System corruption reached 10% 448 | -9/Materials | Core integrity fell below 50% 473 | -9/Materials | Core integrity fell below 20% 549 | -9/Materials | Destroyed by G-34 Mercenary with Small Laser Last Messages --------------- >>parse_system Reading system data... 00468_ Slammed into G-47 Trooper. 00469_ Destabilizing: System corrupted (+1). 00470_ T,KJ/QT1I,|UQIHOW0T>QPWPDKZRIB&ODUSMJ4 00470_ Slammed into G-47 Trooper. 00482_ Upgraded: Core Integrity (+200) 00486_ K-01 Serf destroyed. 00497_ System corrupted: Matter fused (-8). 00516_ MPXWA0FDMVOMWPY,BX#ZHP, 6% 00522_ Slammed into G-47 Trooper. 00522_ Destabilizing: System corrupted (+2). 00523_ Slammed into G-47 Trooper. 00534_ Dropped Datajack. 00534_ Acquired Mining Claw. 00536_ Dropped Mni. Grenade Launcher. 00537_ Dropped Shotgun. 00546_ R-06 Scavenger collects Mni. Grenade Launcher. 00549_ Arm. Wheel destroyed. Map ----- +----------------------------------------------------+ | ????????????????????????????????????????????????? | | ????????????????????????????????????????????????? | | ????????????????????????????????????????????????? | | ????????????????????????????????????????????????? | | ????????????????????????????????????????????????? | | ????????????????????????????????????????????????? | | ????????????????????????????????????????????????? | | ????????????????????????????????????????????????? | | ????????????????????????????????????????????????? | | ????????????????????????????????????????????????? | | ????????????????????????????????????????????????? | | ????????????????????????????????????????????????? | | ????????????????????????????????????????????????? | | ????????????????????????????????????????????????? | | ????????????????????????????????????????????????? | | ????????????????????????????????????????????????? | | ????????????????????????????????????????????????? | | ??????????????????????###########???????????????? | | ??????????????????????# // #???????????????? | | ??????????????????????#[/! #???????????????? | | ??????????????????????#/]! #???????????????? | | ??????????????????????# r #???????????????? | | ??????????????????????# #???????????????? | | ????????????????####### #???????????????? | | ????????????????#! !## #???????????????? | | ????????????????# ## g@ #???????????????? | | ????????????????# ###g############# ??????? | | ????????????????# # t ??????? | | ????????????????# + ? ??????? | | ????????????????# # ??????? | | ##??????????????########/##############+????????? | | #??????????????????# #??????????????????? | | #################### #??????????????????? | | + #??????????????????? | | # #??????????????????? | | # #??????????????????? | | # ######## ### + #??????????????????? | | ###??????# #?#+###### #??????????????????? | | ?????????# #????????# #??????????????????? | | ???#######+###??????# #??????????????????? | | ???# #??????##############??????????????? | | #??# #?????????# #??????????????? | | #??# ########??# #??????????????? | | ???# """ === #[[ #??# #??????????????? | | #### """ === #[ #??# #??????????????? | | # """ === #[ ##?# """ "" #??????????????? | | # # ### """ """ #??????????????? | | # ## """ S" #??????????????? | | # ## # ### # #??????????????? | | #### ###+#### # ##+######?????????????? | +----------------------------------------------------+ Best States ------------- Heat Dissipation 25 Energy Generation 14 Energy Capacity 280 Matter Stores 292 Matter Capacity 300 Sight Range 18 Robot Scan Range 8 Terrain Scan Density 10 Additional Mass Support 6 Resistance: KI 20 Evasion (%) 44 Item Schematics ----------------- Cld. Ion Engine | -9/Materials | Scanalyzed Robot Schematics ------------------ None Fabricated ------------ Nothing Repaired ---------- Nothing Studied --------- None Alien Tech Used ----------------- None Achievements -------------- None Challenges ------------ None RPGLIKE | -11 -10 -9 --------- Run | Yrd Mat Mat Levels Raised 2 | . . 2 XP Earned 6100 | 3000 825 2275 XP Spent 5960 | 2900 . 3060 Upgrades 18 | 10 . 8 Propulsion Slot 1 | . . 1 Utility Slot 1 | . . 1 Weapon Slot 3 | 1 . 2 Core Integrity 4 | . . 4 Inventory Capacity 1 | 1 . . Sensor Range 4 | 4 . . KI Resistance % 4 | 4 . . Protomatter Created 23 | . 21 2 Integrity Restored 6 | . . 6 Core 6 | . . 6 Protomatter Decayed . | . . . Game ------ Seed BraceSwordArmor Manual? 0 Play Time 00:11:56 Cumulative 5.4 hours Start 2025.11.16 @ 09:52:19 End 2025.11.16 @ 10:04:55 Sessions 1 Manual Loads 0 Difficulty Rogue Special Mode Winter2019/RPGLIKE Game No. 10 Rogue 6 Adventurer 4 Explorer 0 Win Type - Total 0 Types 0/0/0/0/0/0/0/0/0/0 Lore% 1 Gallery% 10 Achievement% 9 Wizard Run 0 Options --------- Layout 2 ASCII 0 Keyboard 0 Movement Arrows Keybinds 1 Fullscreen 2 Font 32/SmallcapsGlow Map View 50x44 Zoom Use 0% Tactical HUD 1 Map Filters NONE Filters NONE Steam 1 RUN: f2e36df7-7b4c-422a-a29f-7c68165ed109